 Dungeon Crawl Stone Soup version 0.29.1-12-g30fa7ad0bf (webtiles) character file.

Game seed: 5108525815911481440

281782 wormed the Sage (level 20, -8/145 HPs)
             Began as a Gnoll Wanderer on Dec 26, 2022.
             Was a High Priest of Sif Muna.
             Killed from afar by a wretched star (22 damage)
             ... with a lance of force
             ... on level 2 of the Abyss.
             The game lasted 04:26:40 (66697 turns).

wormed the Sage (Gnoll Wanderer)                   Turns: 66697, Time: 04:26:43

Health: -8/145     AC: 31    Str:  6 (7)  XL:     20   Next: 51%
Magic:  7/26       EV: 16    Int: 18      God:    Sif Muna [*****.]
Gold:   3126       SH: 10    Dex:  9      Spells: 4/48 levels left

rFire   + + .      SeeInvis .   t - +0 staff of Battle
rCold   + . .      Faith    .   D - +3 buckler {rF+}
rNeg    + . .      Spirit   .   (body armour currently unavailable)
rPois   ∞          Reflect  .   (helmet restricted)
rElec   +          Harm     .   r - +2 cloak {rCorr}
rCorr   +          Rampage  .   (gloves currently unavailable)
Will    +....      Rage     9%  (boots currently unavailable)
Stlth   +++++.....              B - amulet of regeneration
HPRegen 0.00/turn               z - +4 ring of protection
MPRegen 0.20/turn               C - ring "Zofen" {rPois rF+}

@: statue-form, on blink cooldown, slightly contaminated, inhibited regen,
unable to read, unable to drink, very slow
A: slow and powerful, torment resistance 1, boosted hp, fangs 1, strong nose,
distributed training, hooves 1, horns 1, clever 1, cold resistance 1, poison
resistance, [berserk 2], [clumsy 2], [deformed body], [deterioration 2], [dopey
2], frail 1[+2], [low MP 3], [screaming 2], [inhibited regeneration],
([teleportitis 2]), [weak 2], [no potion heal 2], [subdued magic 3], [inability
to drink after injury 2], [inability to read after injury 2]
}: 2/15 runes: barnacled, gossamer
a: End Transformation, Renounce Religion, Channel Magic, Forget Spell, Divine
Exegesis


You were on level 2 of the Abyss.
You worshipped Sif Muna.
Sif Muna was extremely pleased with you.
You were a living statue of rough stone.
You visited 7 branches of the dungeon, and saw 34 of its levels.
You visited the Abyss 1 time.
You also visited: Ice Cave.

You collected 4002 gold pieces.
You spent 876 gold pieces at shops.

Inventory:

Hand Weapons
 t - the +0 staff of Battle (weapon)
   (You acquired it on level 3 of the Lair of Beasts)

   It enhances your conjuration magic.
   It summons a battlesphere in combat, with strength depending on Conjurations
   skill.
   Its strikes trigger the battlesphere's blasts.
Missiles
 E - 17 javelins
 I - 9 throwing nets
 V - 9 silver javelins
Armour
 n - a +2 pair of gloves (melded)
 r - a +2 cloak of preservation (worn)
 D - a +3 buckler of fire resistance (worn)
 G - a +0 troll leather armour (melded)
 W - a +2 pair of boots of stealth (melded)
Jewellery
 k - a +4 ring of protection
 s - a ring of positive energy
 v - a ring of see invisible
 x - a ring of willpower
 z - a +4 ring of protection (left fist)
 B - an amulet of regeneration (around neck)
 C - the ring "Zofen" (right fist) {rPois rF+}
   (You acquired it on level 3 of the Lair of Beasts)

   [ring of protection from fire]

   rF:        It protects you from fire.
   rPois:     It protects you from poison.
 L - a +4 ring of evasion
 X - the amulet "Lothruf" {Spirit rN+ Int+3}
   (You found it on level 3 of the Lair of Beasts)

   [amulet of guardian spirit]

   It causes incoming damage to be divided between your reserves of health and
   magic.
   Int:       It affects your intelligence (+3).
   rN:        It protects you from negative energy.
Wands
 b - a wand of polymorph (21)
 j - a wand of flame (17) (quivered)
 F - a wand of paralysis (27)
 H - a wand of iceblast (36)
 M - a wand of mindburst (38)
 P - a wand of digging (21)
 Z - a wand of acid (16)
Scrolls
 a - 4 scrolls of amnesia
 d - 8 scrolls of fog
 e - 2 scrolls of summoning
 f - 8 scrolls of poison
 g - 5 scrolls of vulnerability
 l - 8 scrolls of fear
 p - 5 scrolls of enchant armour
 u - 5 scrolls of enchant weapon
 y - 5 scrolls of teleportation
 A - 3 scrolls of immolation
 J - 3 scrolls of silence
 K - 3 scrolls of magic mapping
 S - 4 scrolls of torment
Potions
 c - 4 potions of mutation
 i - 7 potions of resistance
 m - 4 potions of haste
 q - 4 potions of might
 w - 6 potions of ambrosia
 N - 3 potions of attraction
 O - 5 potions of brilliance
 Q - 2 potions of cancellation
 R - 3 potions of invisibility
 T - 2 potions of lignification
 U - 2 potions of flight
 Y - 6 potions of curing
Miscellaneous
 o - a phantom mirror


   Skills:
 + Level 14.5 Fighting
 + Level 14.2 Short Blades
 + Level 15.5 Long Blades
 + Level 14.2 Axes
 + Level 14.2 Maces & Flails
 + Level 14.2 Polearms
 + Level 14.2 Staves
 + Level 14.2 Ranged Weapons
 + Level 14.2 Throwing
 + Level 14.5 Armour
 + Level 14.2 Dodging
 + Level 14.2 Stealth
 + Level 14.5 Shields
 + Level 14.2 Unarmed Combat
 + Level 14.5 Spellcasting
 + Level 12.1 Conjurations
 + Level 12.1 Hexes
 + Level 12.1 Summonings
 + Level 12.1 Necromancy
 + Level 12.1 Translocations
 + Level 12.1 Transmutations
 + Level 12.1 Fire Magic
 + Level 12.1 Ice Magic
 + Level 12.1 Air Magic
 + Level 12.1 Earth Magic
 + Level 12.1 Poison Magic
 + Level 15.6 Invocations
 + Level 14.9 Evocations


You had 4 spell levels left.
You knew the following spells:

 Your Spells              Type           Power      Damage    Failure   Level
a - Poisonous Vapours     Pois/Air       58%        N/A       0%          2
b - Ignite Poison         Fire/Tmut/Pois 29%        N/A       0%          3
c - Irradiate             Conj/Tmut      22%        3d19      1%          5
d - Lee's Rapid Deconstr  Erth           14%        3d10*     1%          5
e - Dispersal             Tloc           14%        N/A       2%          6
f - Blink                 Tloc           58%        N/A       0%          2
g - Freezing Cloud        Conj/Ice/Air   22%        6-21      1%          5
h - Yara's Violent Unrav  Hex/Tmut       14%        3d7       1%          5
i - Summon Forest         Summ/Tloc      14%        N/A       1%          5
j - Statue Form           Tmut/Erth      19%        N/A       2%          6

Your spell library contained the following spells:

 Spells                   Type           Power      Damage    Failure   Level
 Apportation              Tloc           58%        N/A       0%          1
 Beastly Appendage        Tmut           58%        N/A       0%          1
 Foxfire                  Conj/Fire      100%       2x1d9     0%          1
 Freeze                   Ice            100%       1d11      0%          1
 Magic Dart               Conj           100%       1d8       0%          1
 Necrotise                Necr           100%       1d9       0%          1
 Shock                    Conj/Air       100%       1d9       0%          1
 Slow                     Hex            100%       N/A       0%          1
 Sting                    Tmut/Pois      100%       1d8       0%          1
 Summon Small Mammal      Summ           100%       N/A       0%          1
 Call Imp                 Summ           29%        N/A       0%          2
 Ensorcelled Hibernation  Hex/Ice        58%        N/A       0%          2
 Passwall                 Tmut/Erth      24%        N/A       0%          2
 Scorch                   Fire           58%        2d8       0%          2
 Static Discharge         Conj/Air       44%        3-9/arc   0%          2
 Sublimation of Blood     Necr           29%        N/A       0%          2
 Wereblood                Tmut           29%        N/A       0%          2
 Call Canine Familiar     Summ           29%        N/A       0%          3
 Confusing Touch          Hex            29%        N/A       0%          3
 Conjure Flame            Conj/Fire      44%        6-21      0%          3
 Dazzling Flash           Conj/Hex       88%        N/A       0%          3
 Gell's Gravitas          Tloc           29%        N/A       0%          3
 Inner Flame              Hex/Fire       29%        N/A       0%          3
 Lesser Beckoning         Tloc           29%        N/A       0%          3
 Mephitic Cloud           Conj/Pois/Air  44%        N/A       0%          3
 Portal Projectile        Hex/Tloc       58%        N/A       0%          3
 Spider Form              Tmut/Pois      29%        N/A       0%          3
 Swiftness                Air            29%        N/A       0%          3
 Teleport Other           Tloc           29%        N/A       0%          3
 Tukima's Dance           Hex            29%        N/A       0%          3
 Vampiric Draining        Necr           29%        2d8       0%          3
 Airstrike                Air            14%        2d(3-19)  1%          4
 Anguish                  Hex/Necr       14%        N/A       1%          4
 Animate Armour           Summ/Erth      58%        N/A       1%          4
 Cause Fear               Hex            14%        N/A       1%          4
 Corpse Rot               Necr/Pois/Air  29%        N/A       1%          4
 Dispel Undead            Necr           29%        3d13      1%          4
 Flame Wave               Conj/Fire      44%        2d11      1%          4
 Fulminant Prism          Conj/Hex       22%        3d13      1%          4
 Hailstorm                Conj/Ice       44%        3d10      1%          4
 Ice Form                 Ice/Tmut       29%        N/A       1%          4
 Iskenderun's Mystic Bla  Conj/Tloc      44%        2d10      1%          4
 Leda's Liquefaction      Hex/Erth       14%        N/A       1%          4
 Passage of Golubria      Tloc           29%        N/A       1%          4
 Sticky Flame             Conj/Fire      44%        2d6       1%          4
 Agony                    Necr           29%        N/A       1%          5
 Blade Hands              Tmut           14%        N/A       1%          5
 Lightning Bolt           Conj/Air       22%        1d37      1%          5
 Manifold Assault         Tloc           29%        N/A       1%          5
 Metabolic Englaciation   Hex/Ice        14%        N/A       1%          5
 Silence                  Hex/Air        14%        N/A       1%          5
 Summon Mana Viper        Hex/Summ       29%        N/A       1%          5
 Death Channel            Necr           14%        N/A       2%          6
 Simulacrum               Ice/Necr       14%        N/A       2%          6
 Starburst                Conj/Fire      22%        6d7       2%          6
 Ozocubu's Refrigeration  Ice            14%        4d10      21%         7
 Storm Form               Tmut/Air       14%        N/A       21%         7
 Summon Hydra             Summ           14%        N/A       21%         7
 Borgnjor's Revivificati  Necr           14%        N/A       89%         8
 Discord                  Hex            14%        N/A       89%         8
 Disjunction              Tloc           14%        N/A       89%         8
 Maxwell's Capacitive Co  Air            14%        ∞         89%         8
 Necromutation            Tmut/Necr      14%        N/A       89%         8
 Chain Lightning          Conj/Air       22%        3d29      100%        9
 Death's Door             Necr           14%        N/A       100%        9
 Fire Storm               Conj/Fire      22%        8d6       100%        9
 Polar Vortex             Ice            14%        N/A       100%        9


Dungeon Overview and Level Annotations

Branches:
Dungeon (15/15)            Temple (1/1) D:6            Lair (5/5) D:10
 Shoals (4/4) Lair:2       Spider (4/4) Lair:3        Slime (0/5) Lair:4
    Orc (2/2) D:10            Elf (3/3) Orc:2        Vaults (0/5) D:14
 Depths (0/4) D:15          IceCv (visited)

Altars:
Ashenzari
Cheibriados
Dithmenos
Elyvilon
Fedhas
Gozag
Hepliaklqana
Kikubaaqudgha
Makhleb
Nemelex Xobeh
Okawaru
Qazlal
Ru
Sif Muna
Trog
Uskayaw
Vehumet
Wu Jian
Xom
Yredelemnul
Zin
The Shining One
Jiyva

Shops:
D:7 *   D:10 *   D:12 (*(((   Orc:2 [*[!   Elf:2 ?!*[[   Elf:3 :   Shoals:1 [[
Shoals:2 (

Portals:
Hell: Lair:5

Annotations:
D:9 1 runed translucent door, wormed's ghost, journeyman MiBe


Innate Abilities, Weirdness & Mutations

You are a living statue of rough stone.
Your actions are slow, but your melee attacks are powerful.
You are resistant to unholy torment.
Your maximum health is greatly increased.
Your equipment is partially melded.
You have very sharp teeth.
Your uncanny sense of smell can sniff out nearby items.
Your experience applies equally to all skills.
You have large cloven feet.
You have a pair of small horns on your head.
Your mind is acute. (Int +4, Str/Dex -1)
Your flesh is cold resistant. (rC+)
Your system is resistant to poisons. (rPois)
[You have an uncontrollable temper.]
[You are very clumsy. (Dex -4)]
[Armour fits poorly on your strangely shaped body.]
[Your body often deteriorates upon taking damage.]
[You are very dopey. (Int -4)]
[You are extremely frail. (-30% HP)]
[Your magical capacity is extremely low. (-30% MP)]
[You frequently scream uncontrollably at your foes.]
[You do not regenerate when monsters are visible.]
[((You are often teleported next to monsters.))]
[You are very weak. (Str -4)]
[Potions cannot restore your health.]
[Your spells are much easier to cast, but much less powerful.]
[You sometimes lose the ability to drink potions when taking damage.]
[You sometimes lose the ability to read scrolls when taking damage.]


Message History

You kill the raiju!
Sif Muna accepts your kill.
The raiju is blasted with magical radiation!!
You kill the raiju!
Sif Muna accepts your kill.
You are lightly contaminated with residual magic.
Your battlesphere fires!
The barrage of energy hits the apocalypse crab!
The apocalypse crab is severely wounded.
The wretched star glows turbulently.
You block the lance of force.
The wretched star glows turbulently.
The lance of force hits you!!
* * * LOW HITPOINT WARNING * * *
Your body deteriorates!
You feel weakened.
You are knocked back by the lance of force.
You slam into the metal wall!
* * * LOW HITPOINT WARNING * * *
The smoke demon gestures at you. Something smites you!
* * * LOW HITPOINT WARNING * * *
The apocalypse crab breathes chaos at you.
The blast of chaos engulfs you.
* * * LOW HITPOINT WARNING * * *
The wretched star pulses with an eldritch light! x2
Casting: Irradiate (mildly dangerous; 1% risk of failure)
Confirm with . or Enter, or press ? or * to list all spells.
You fail to extend your transformation any further.
You are engulfed in seething chaos.
Casting: Statue Form (dangerous; 2% risk of failure)
Confirm with . or Enter, or press ? or * to list all spells.
Okay, then.
Casting: Statue Form (dangerous; 2% risk of failure)
Confirm with . or Enter, or press ? or * to list all spells.
You blink.
The wretched star pulses with an eldritch light! x2
The wraith hits you but does no damage.
The wretched star glows turbulently.
The lance of force hits you!!
You die...

# ## ## ##.#...#. ..
.. #........#.##.
..#.# #.#...#.....####
... .##..#..##.#..#..#
.. #.
.###.##.#.#.##..###.
Z##.## .
#..#....*##.#.... * .#
.#h**.#.....Z.h.#.#..#
. # .
#.h##.....*†*t### .h#
#3. ###§.8Wh##..# .† .
. ... ##....3..#...
.#. ..#
..###....#.....#.. ...
.#.#. #...##...####.#
.# . ###. # # ...
..##.. .# . ###. #.#
#... ... # . #.. #...
... ## #. ..#.# ..#


You could see 2 wretched stars, an apocalypse crab (misshapen), a smoke demon
(misshapen), 2 raiju, a wraith, a deep troll simulacrum and a friendly
battlesphere.

Vanquished Creatures
  Bai Suzhen (Spider:3)
  Nikola (Shoals:2)
  Mlioglotl (Spider:1)
  Rupert (D:14)
  A deep elf blademaster (Elf:2)
  Frances (D:13)
  Polyphemus (Shoals:4)
  A tentacled starspawn (Abyss:2)
  Agnes (D:14)
  Donald (Shoals:1)
  Roxanne (Shoals:3)
  The ghost of Qeujoin the Impaler, an adept FoAK of Lugonu (Spider:2)
  The ghost of KittyFluff the Peltast, an adept GrBe of Trog (Shoals:1)
  3 emperor scorpions
  3 ghost moths
  Ilsuiw (Shoals:3)
  A deep elf sorcerer (Elf:3)
  Louise (D:14)
  4 deep elf elementalists (Elf:3)
  The ghost of wormed the Blocker, a journeyman GrFi of the Shining One (Elf:1)
  2 broodmothers
  Nessos (Lair:4)
  2 deep elf demonologists (Elf:3)
  3 deep elf annihilators
  2 dire elephants
  A spark wasp (Spider:4)
  6 entropy weavers
  An ettin (Orc:1)
  3 deep elf death magi (Elf:3)
  6 merfolk javelineers
  A deep elf high priest (Elf:3)
  9 merfolk impalers
  6 ogre magi
  A jorogumo (Spider:3)
  9 hydras
  3 boulder beetles
  5 catoblepae
  5 merfolk avatars
  4 alligator snapping turtles
  A radroach (Spider:3)
  2 satyrs (Shoals:4)
  3 merfolk aquamancers (Shoals:4)
  33 dancing weapons
  Erica (D:8)
  8 centaur warriors
  18 two-headed ogres
  Urug (Lair:4)
  8 death yaks
  A thrashing horror (Abyss:2)
  2 orc high priests (Elf:2)
  20 deep elf knights
  A sun demon (Lair:5)
  A sun moth (Spider:4)
  7 pharaoh ants
  5 skeletal warriors (D:15)
  A wretched star (Abyss:2)
  A fire crab (shapeshifter) (Elf:2)
  16 sea snakes
  11 deep elf archers
  8 orb spiders
  5 steelbarb worms
  A wizard (Lair:5)
  24 harpies
  4 orc knights
  21 deep elf zephyrmancers
  12 fauns
  7 cyclopes
  18 deep elf pyromancers
  2 ugly things
  16 wolf spiders
  10 elephants
  17 manticores
  A salamander (D:15)
  Maurice (D:8)
  A moth of wrath (Spider:4)
  5 black mambas
  6 water nymphs
  2 ice statues (IceCv)
  14 merfolk sirens
  10 cane toads
  5 orange demons (Lair:5)
  2 gargoyles
  5 rime drakes
  11 demonic crawlers
  11 komodo dragons
  4 yaktaurs (D:14)
  4 unseen horrors
  A freezing wraith (IceCv)
  An ice devil (Lair:5)
  A hellwing (Lair:5)
  6 trolls
  45 merfolk
  3 wind drakes
  3 meliai (Spider:2)
  31 tarantellas
  A polar bear (Lair:3)
  4 raiju (Abyss:2)
  14 blink frogs
  14 snapping turtles
  A hornet (D:8)
  15 slime creatures
  29 dream sheep
  Sigmund (D:2)
  19 culicivoras
  2 air elementals
  33 jumping spiders
  2 shadows (D:11)
  12 water elementals
  6 basilisks
  3 wraiths
  A dire elephant simulacrum (IceCv)
  4 fire elementals
  2 steam dragons
  3 wyverns
  A yak (shapeshifter) (D:14)
  63 yaks
  62 redbacks
  A death yak simulacrum (IceCv)
  4 vampire mosquitoes (D:15)
  4 wargs
  4 acid dragons
  3 hell hounds (Lair:5)
  16 water moccasins
  An ice beast (D:6)
  20 orc warriors
  3 black bears
  6 wolves (Lair:4)
  22 centaurs
  33 ogres
  A phantom (D:6)
  A kobold brigand (D:8)
  10 bullfrogs
  A gnoll sergeant (D:5)
  5 wights (D:7)
  A cane toad simulacrum (IceCv)
  An earth elemental (Elf:1)
  14 killer bees
  An elephant simulacrum (IceCv)
  2 howler monkeys
  An electric eel (D:15)
  10 orc priests
  A gnoll bouda (Orc:2)
  A hound (D:7)
  4 jellies
  Jessica (D:2)
  3 iguanas
  23 orc wizards
  A wolf simulacrum (IceCv)
  A mummy (D:8)
  12 gnolls
  9 adders
  A shadow imp (D:8)
  15 white imps
  A nameless horror (D:7)
  An ufetubus (D:6)
  3 dart slugs
  74 orcs
  6 ball pythons
  7 endoplasms
  5 giant cockroaches
  6 goblins
  4 hobgoblins
  2 quokkas
  3 bats
  3 frilled lizards
  A hobgoblin zombie (D:8)
  10 kobolds
  2 kobold zombies (D:8)
  6 rats
1219 creatures vanquished.

Vanquished Creatures (collateral kills)
  A ghost moth (Spider:4)
  A dancing weapon (Elf:2)
  A troll (D:10)
  A tarantella (Spider:4)
  A hell hound (Lair:5)
  A sky beast (D:7)
  A bullfrog (D:9)
  3 orcs (D:8)
  An orc zombie (D:8)
11 creatures vanquished.

Vanquished Creatures (others)
  A jumping spider (Spider:4)
  30 fungi
  122 plants
  5 starspawn tentacles
158 creatures vanquished.

Grand Total: 1388 creatures vanquished

Notes
Turn   | Place    | Note
-------+----------+-------------------------------------------
     0 | D:1      | wormed the Gnoll Wanderer began the quest for the Orb.
     0 | D:1      | wormed set off with the following items: a +0 falchion, a
                  | wand of polymorph (13), a +0 buckler, a scroll of fog, a +0
                  | leather armour.
     0 | D:1      | Reached XP level 1. HP: 17/17 MP: 4/4
   287 | D:1      | Reached XP level 2. HP: 22/23 MP: 5/5
  1068 | D:2      | Found a faded altar of an unknown god.
  1075 | D:2      | Got Plato's Dissertation on the Brume
  1142 | D:2      | Reached XP level 3. HP: 26/28 MP: 7/7
  1302 | D:2      | Noticed Sigmund
  1399 | D:1      | Reached skill level 1 in Short Blades
  1399 | D:1      | Reached skill level 1 in Axes
  1399 | D:1      | Reached skill level 1 in Maces & Flails
  1399 | D:1      | Reached skill level 1 in Polearms
  1399 | D:1      | Reached skill level 1 in Staves
  1399 | D:1      | Reached skill level 1 in Ranged Weapons
  1399 | D:1      | Reached skill level 1 in Throwing
  1399 | D:1      | Reached skill level 1 in Dodging
  1399 | D:1      | Reached skill level 1 in Stealth
  1399 | D:1      | Reached skill level 1 in Unarmed Combat
  1634 | D:1      | Learned a level 2 spell: Poisonous Vapours
  1722 | D:2      | Reached XP level 4. HP: 31/34 MP: 8/8
  1842 | D:2      | Noticed Jessica
  1878 | D:2      | Killed Jessica
  1879 | D:2      | Reached skill level 1 in Conjurations
  1879 | D:2      | Reached skill level 1 in Hexes
  1879 | D:2      | Reached skill level 1 in Summonings
  1879 | D:2      | Reached skill level 1 in Necromancy
  1879 | D:2      | Reached skill level 1 in Translocations
  1879 | D:2      | Reached skill level 1 in Transmutations
  1879 | D:2      | Reached skill level 1 in Fire Magic
  1879 | D:2      | Reached skill level 1 in Ice Magic
  1879 | D:2      | Reached skill level 1 in Air Magic
  1879 | D:2      | Reached skill level 1 in Earth Magic
  1879 | D:2      | Reached skill level 1 in Poison Magic
  2450 | D:2      | Killed Sigmund
  2451 | D:2      | Reached skill level 5 in Evocations
  2451 | D:2      | Reached XP level 5. HP: 32/41 MP: 1/10
  2451 | D:2      | Reached XP level 6. HP: 37/47 MP: 1/11
  3260 | D:3      | Found a white marble altar of Elyvilon.
  3476 | D:4      | Noticed a black bear
  4281 | D:4      | Killed a black bear
  4282 | D:4      | Reached XP level 7. HP: 48/52 MP: 2/12
  5038 | D:4      | Identified the +8 trident "Fudin" {venom, rF+}
  5441 | D:5      | Entered Level 5 of the Dungeon
  6677 | D:5      | Reached XP level 8. HP: 32/60 MP: 0/14
  7824 | D:6      | Found a staircase to the Ecumenical Temple.
  7853 | Temple   | Entered the Ecumenical Temple
  8205 | D:6      | Found a stormy altar of Qazlal.
  8205 | D:6      | Found a snail-covered altar of Cheibriados.
  8205 | D:6      | Found a broken altar of Ashenzari.
  8217 | D:6      | Found a blossoming altar of Fedhas.
  8220 | D:6      | Found an iron altar of Okawaru.
  8446 | D:6      | Noticed an angel
  8447 | D:6      | Found a glowing silver altar of Zin.
  8719 | D:6      | Found an ancient bone altar of Kikubaaqudgha.
  9293 | D:7      | Reached skill level 5 in Invocations
  9785 | D:7      | Found Ryun's Overcharged Wands.
 10053 | D:7      | Reached skill level 5 in Spellcasting
 10053 | D:7      | Reached XP level 9. HP: 60/67 MP: 16/16
 10068 | D:7      | Reached skill level 5 in Fighting
 10068 | D:7      | Reached skill level 5 in Armour
 10068 | D:7      | Reached skill level 5 in Shields
 10217 | D:7      | Learned a level 3 spell: Call Canine Familiar
 11027 | D:8      | Noticed Maurice
 13044 | D:8      | Killed Maurice
 13045 | D:8      | Reached skill level 5 in Short Blades
 13045 | D:8      | Reached skill level 5 in Axes
 13045 | D:8      | Reached skill level 5 in Maces & Flails
 13045 | D:8      | Reached skill level 5 in Polearms
 13045 | D:8      | Reached skill level 5 in Staves
 13045 | D:8      | Reached skill level 5 in Ranged Weapons
 13045 | D:8      | Reached skill level 5 in Throwing
 13045 | D:8      | Reached skill level 5 in Dodging
 13045 | D:8      | Reached skill level 5 in Stealth
 13045 | D:8      | Reached skill level 5 in Unarmed Combat
 13045 | D:8      | Reached XP level 10. HP: 76/76 MP: 13/18
 14124 | D:9      | Noticed Erica
 14182 | D:8      | Killed Erica
 14848 | D:9      | Noticed a brown ugly thing
 15638 | D:9      | Found a runed translucent door.
 15640 | D:9      | Noticed a cyclops
 15640 | D:9      | Noticed wormed's ghost (journeyman MiBe)
 15693 | D:9      | Noticed a gargoyle
 15695 | D:9      | Killed a brown ugly thing
 15707 | D:9      | Killed a gargoyle
 15787 | D:9      | Reached skill level 5 in Conjurations
 15787 | D:9      | Reached skill level 5 in Hexes
 15787 | D:9      | Reached skill level 5 in Summonings
 15787 | D:9      | Reached skill level 5 in Necromancy
 15787 | D:9      | Reached skill level 5 in Translocations
 15787 | D:9      | Reached skill level 5 in Transmutations
 15787 | D:9      | Reached skill level 5 in Fire Magic
 15787 | D:9      | Reached skill level 5 in Ice Magic
 15787 | D:9      | Reached skill level 5 in Air Magic
 15787 | D:9      | Reached skill level 5 in Earth Magic
 15787 | D:9      | Reached skill level 5 in Poison Magic
 15853 | D:9      | Reached XP level 11. HP: 67/83 MP: 6/21
 16203 | D:10     | Entered Level 10 of the Dungeon
 16575 | D:10     | Found Seogio's General Store.
 16849 | D:10     | Found a sparkling altar of Nemelex Xobeh.
 16849 | D:10     | Found a shimmering blue altar of Sif Muna.
 16849 | D:10     | Found a bloodstained altar of Trog.
 16883 | D:10     | Became a worshipper of Sif Muna the Loreminder
 17176 | D:10     | Found a staircase to the Orcish Mines.
 17201 | D:10     | Learned a level 3 spell: Mephitic Cloud
 17205 | D:10     | Learned a level 3 spell: Ignite Poison
 17451 | D:10     | Found a staircase to the Lair.
 18480 | D:11     | Noticed a two-headed ogre
 18485 | D:11     | Killed a two-headed ogre
 18982 | D:11     | Noticed a manticore
 18985 | D:11     | Killed a manticore
 19149 | D:11     | Noticed a manticore
 19154 | D:11     | Killed a manticore
 19209 | D:11     | Reached XP level 12. HP: 91/91 MP: 8/23
 19813 | D:12     | Found Inutsock's Assorted Antiques.
 19821 | D:12     | Bought a scroll labelled PICWOF PALE for 24 gold pieces
 19821 | D:12     | Bought a large onyx ring for 120 gold pieces
 19821 | D:12     | Bought a translucent copper ring for 120 gold pieces
 19821 | D:12     | Identified the ring "Hiuwkigh" {Str+6 Int+5} (You bought it
                  | in a shop on level 12 of the Dungeon)
 19821 | D:12     | Bought a scroll labelled YFEOFI CUTHRAW for 24 gold pieces
 19821 | D:12     | Bought a scroll labelled FEERGH GUTUK for 24 gold pieces
 19831 | D:12     | Found Cesirr's Weapon Shoppe.
 19894 | D:12     | Noticed an eight-headed hydra
 19905 | D:12     | Killed an eight-headed hydra
 19915 | D:12     | Reached * piety under Sif Muna
 20113 | D:12     | Found Ashro's Antique Weapon Emporium.
 20114 | D:12     | Found the +4 robe of Folly {Brilliance Will-∞ Int+8}
 20140 | D:12     | Found Tinoj's Antique Weapon Shoppe.
 20179 | D:12     | Reached skill level 10 in Long Blades
 20261 | D:12     | You fall into a shaft and drop 1 floor!
 20393 | D:13     | Noticed a boulder beetle
 20399 | D:13     | Killed a boulder beetle
 20463 | D:13     | Noticed a centaur warrior
 20468 | D:13     | Killed a centaur warrior
 20858 | D:12     | Found Zam Ceus's Weapon Shop.
 21184 | D:13     | Noticed a six-headed hydra
 21224 | D:13     | Killed a six-headed hydra
 21342 | D:13     | Noticed a centaur warrior
 21347 | D:13     | Killed a centaur warrior
 21679 | D:13     | Noticed Frances
 21694 | D:13     | Gained mutation: [You occasionally lose the ability to
                  | drink potions when taking damage.] [a neqoxec]
 21969 | D:13     | Killed Frances
 22443 | D:13     | Noticed a two-headed ogre
 22459 | D:13     | Killed a two-headed ogre
 22621 | D:14     | Noticed Louise
 22629 | D:14     | Killed Louise
 22630 | D:14     | Reached XP level 13. HP: 89/99 MP: 12/25
 22743 | D:14     | Noticed Rupert
 22767 | D:14     | Killed Rupert
 22893 | D:14     | Identified the +2 robe "Loblof" {rPois rF+ Will-}
 22959 | Lair:1   | Entered Level 1 of the Lair of Beasts
 23030 | Lair:1   | Reached ** piety under Sif Muna
 23649 | Lair:1   | You fall into a shaft and drop 1 floor!
 23684 | Lair:2   | Found a staircase to the Shoals.
 24932 | Lair:2   | Reached skill level 10 in Invocations
 24951 | Lair:2   | Reached skill level 10 in Evocations
 24994 | Lair:2   | Reached *** piety under Sif Muna
 25958 | Lair:3   | Found a hole to the Spider Nest.
 26248 | Lair:3   | Reached XP level 14. HP: 35/108 MP: 18/27
 26395 | Lair:3   | Identified the amulet "Lothruf" {Spirit rN+ Int+3}
 26528 | Lair:3   | Identified the +5 dagger of the Arcadian God {elec, Str+3}
 26834 | Lair:3   | Acquired the ring "Zofen" {rPois rF+}
 26835 | Lair:3   | Acquired the +0 staff of Battle
 26835 | Lair:3   | Found the +0 staff of Battle
 26964 | Lair:4   | Noticed Nessos
 27025 | Lair:4   | Reached **** piety under Sif Muna
 27162 | Lair:4   | Noticed Urug
 27169 | Lair:4   | Killed Urug
 27605 | Lair:4   | Killed Nessos
 27990 | Lair:4   | Reached skill level 10 in Spellcasting
 28222 | Lair:4   | Reached skill level 10 in Fighting
 28222 | Lair:4   | Reached skill level 10 in Armour
 28222 | Lair:4   | Reached skill level 10 in Shields
 28344 | Lair:4   | Identified the +4 falchion of Inflation {protect, Fly}
 28612 | Lair:4   | Found a viscous altar of Jiyva.
 28612 | Lair:4   | Found a staircase to the Slime Pits.
 28763 | Lair:5   | Entered Level 5 of the Lair of Beasts
 29064 | Lair:5   | Reached ***** piety under Sif Muna
 29431 | Lair:5   | Found a hazy altar of Hepliaklqana.
 29841 | Lair:5   | Reached skill level 10 in Short Blades
 29841 | Lair:5   | Reached skill level 10 in Axes
 29841 | Lair:5   | Reached skill level 10 in Maces & Flails
 29841 | Lair:5   | Reached skill level 10 in Polearms
 29841 | Lair:5   | Reached skill level 10 in Staves
 29841 | Lair:5   | Reached skill level 10 in Ranged Weapons
 29841 | Lair:5   | Reached skill level 10 in Throwing
 29841 | Lair:5   | Reached skill level 10 in Dodging
 29841 | Lair:5   | Reached skill level 10 in Stealth
 29841 | Lair:5   | Reached skill level 10 in Unarmed Combat
 29970 | Lair:5   | Identified the +9 war axe of Precise Incision {flame, rElec
                  | Str+3}
 30113 | Lair:5   | Received a gift from Sif Muna
 30118 | Lair:5   | Got Sif Muna's Vellum of Conjuring {god gift}
 30128 | Lair:5   | Learned a level 5 spell: Irradiate
 30165 | Lair:5   | Reached XP level 15. HP: 117/117 MP: 23/29
 30444 | Lair:5   | Found a burning altar of Makhleb.
 30847 | Lair:5   | Found a gateway to Hell.
 31621 | D:14     | Found a gate to the Vaults.
 31652 | D:14     | Noticed Agnes
 31661 | D:14     | Killed Agnes
 31795 | D:14     | Found a stormy altar of Qazlal.
 31896 | D:14     | Found a bloodstained altar of Trog.
 32118 | D:14     | Learned a level 2 spell: Blink
 32158 | D:15     | Entered Level 15 of the Dungeon
 32516 | D:15     | Found a staircase to the Depths.
 32934 | D:15     | Received a gift from Sif Muna
 32941 | D:15     | Got Sif Muna's Compilation of Frostbitten Fire {god gift}
 33313 | D:15     | HP: 5/118 [skeletal warrior/+0 halberd (1)]
 33519 | D:15     | Lost mutation: [You occasionally lose the ability to drink
                  | potions when taking damage.] [potion of mutation]
 33519 | D:15     | Gained mutation: You have a pair of small horns on your
                  | head. [potion of mutation]
 33519 | D:15     | Gained mutation: [You occasionally lose the ability to read
                  | scrolls when taking damage.] [potion of mutation]
 33519 | D:15     | Gained mutation: You have a pair of horns on your head.
                  | [potion of mutation]
 33521 | D:15     | Lost mutation: [You occasionally lose the ability to read
                  | scrolls when taking damage.] [potion of mutation]
 33521 | D:15     | Lost mutation: You have a pair of horns on your head.
                  | [potion of mutation]
 33521 | D:15     | Gained mutation: [You are frail. (-10% HP)] [potion of
                  | mutation]
 33521 | D:15     | Gained mutation: You are strong-willed. (Will+) [potion of
                  | mutation]
 33522 | D:15     | Lost mutation: [You are frail. (-10% HP)] [potion of
                  | mutation]
 33522 | D:15     | Lost mutation: You have a pair of small horns on your head.
                  | [potion of mutation]
 33522 | D:15     | Gained mutation: You possess an exceptional clarity of
                  | mind. [potion of mutation]
 33522 | D:15     | Gained mutation: Your mind is acute. (Int +4, Str/Dex -1)
                  | [potion of mutation]
 33522 | D:15     | Lost mutation: Your mind is acute. (Int +4, Str/Dex -1)
                  | [potion of mutation]
 33522 | D:15     | Gained mutation: You are highly strong-willed. (Will++)
                  | [potion of mutation]
 33656 | Orc:1    | Entered Level 1 of the Orcish Mines
 34205 | Orc:2    | Entered Level 2 of the Orcish Mines
 34213 | Orc:2    | Found a frozen archway.
 34326 | IceCv    | Entered an ice cave
 34329 | IceCv    | Found a transporter.
 34399 | IceCv    | Found a transporter.
 35152 | Orc:2    | Found a staircase to the Elven Halls.
 35169 | Orc:1    | Learned a level 5 spell: Freezing Cloud
 35176 | Orc:2    | Found Galeckixt's Armour Emporium.
 35176 | Orc:2    | Found Sutweg's Armour Boutique.
 35176 | Orc:2    | Found Rota's Distillery.
 35176 | Orc:2    | Found Buqiunoh's General Store.
 35188 | Orc:1    | Received a gift from Sif Muna
 35194 | Orc:1    | Got Sif Muna's Handbook of the Nimbus {god gift}
 35201 | Orc:1    | Reached XP level 16. HP: 117/125 MP: 2/31
 37960 | Spider:1 | Entered Level 1 of the Spider Nest
 39590 | Spider:1 | Noticed Mlioglotl
 39594 | Spider:1 | Received a gift from Sif Muna
 39595 | Spider:1 | Noticed a tentacled starspawn
 39597 | Spider:1 | Got Elopik's Lessons on the Ghoulish Figure {god gift}
 39920 | Lair:3   | Learned a level 5 spell: Yara's Violent Unravelling
 39939 | Spider:1 | Noticed a tentacled starspawn
 39941 | Spider:1 | Killed Mlioglotl
 40674 | Spider:2 | Found a runed translucent door.
 40677 | Spider:2 | Noticed Qeujoin's ghost (adept FoAK)
 40931 | Spider:2 | Killed Qeujoin's ghost
 42652 | Spider:3 | Reached XP level 17. HP: 125/133 MP: 11/33
 43042 | Spider:3 | Received a gift from Sif Muna
 43084 | Spider:3 | Got Dyustraje's Guidebook on Pyromania and Transmutation
                  | {god gift}
 43268 | Spider:3 | Reached skill level 10 in Conjurations
 43268 | Spider:3 | Reached skill level 10 in Hexes
 43268 | Spider:3 | Reached skill level 10 in Summonings
 43268 | Spider:3 | Reached skill level 10 in Necromancy
 43268 | Spider:3 | Reached skill level 10 in Translocations
 43268 | Spider:3 | Reached skill level 10 in Transmutations
 43268 | Spider:3 | Reached skill level 10 in Fire Magic
 43268 | Spider:3 | Reached skill level 10 in Ice Magic
 43268 | Spider:3 | Reached skill level 10 in Air Magic
 43268 | Spider:3 | Reached skill level 10 in Earth Magic
 43268 | Spider:3 | Reached skill level 10 in Poison Magic
 43381 | Spider:3 | Learned a level 6 spell: Statue Form
 43387 | Spider:3 | Learned a level 5 spell: Lee's Rapid Deconstruction
 43971 | Spider:4 | Entered Level 4 of the Spider Nest
 43990 | Spider:3 | Gained mutation: [Your spells are a little easier to cast,
                  | but a little less powerful.] [mutagenic glow]
 43995 | Spider:3 | Lost mutation: You are highly strong-willed. (Will++)
                  | [potion of mutation]
 43995 | Spider:3 | Lost mutation: You are strong-willed. (Will+) [potion of
                  | mutation]
 43995 | Spider:3 | Lost mutation: You possess an exceptional clarity of mind.
                  | [potion of mutation]
 43995 | Spider:3 | Gained mutation: You possess an exceptional clarity of
                  | mind. [potion of mutation]
 43998 | Spider:3 | Lost mutation: You possess an exceptional clarity of mind.
                  | [potion of mutation]
 43998 | Spider:3 | Lost mutation: [Your spells are a little easier to cast,
                  | but a little less powerful.] [potion of mutation]
 43998 | Spider:3 | Gained mutation: [You are occasionally teleported next to
                  | monsters.] [potion of mutation]
 43998 | Spider:3 | Gained mutation: Your mind is acute. (Int +4, Str/Dex -1)
                  | [potion of mutation]
 45704 | Spider:4 | Noticed Bai Suzhen
 46893 | Spider:4 | Gained mutation: [You are clumsy. (Dex -2)] [mutagenic
                  | glow]
 46923 | Spider:4 | Gained mutation: [You occasionally lose the ability to read
                  | scrolls when taking damage.] [mutagenic glow]
 47755 | Spider:3 | Killed Bai Suzhen
 47755 | Spider:3 | Received a gift from Sif Muna
 48041 | Spider:3 | Got Dedealed's Almanac of Frostbitten Earth {god gift}
 49894 | Spider:4 | Got a gossamer rune of Zot
 49968 | Spider:4 | Lost mutation: [You are occasionally teleported next to
                  | monsters.] [potion of mutation]
 49968 | Spider:4 | Lost mutation: [You are clumsy. (Dex -2)] [potion of
                  | mutation]
 49968 | Spider:4 | Lost mutation: [You occasionally lose the ability to read
                  | scrolls when taking damage.] [potion of mutation]
 49968 | Spider:4 | Gained mutation: [You do not regenerate when monsters are
                  | visible.] [potion of mutation]
 49968 | Spider:4 | Gained mutation: You are robust. (+10% HP) [potion of
                  | mutation]
 49983 | Spider:4 | Learned a level 6 spell: Dispersal
 50264 | Orc:2    | Bought a potion of mutation for 104 gold pieces
 50264 | Orc:2    | Lost mutation: [You do not regenerate when monsters are
                  | visible.] [potion of mutation]
 50264 | Orc:2    | Lost mutation: You are robust. (+10% HP) [potion of
                  | mutation]
 50264 | Orc:2    | Gained mutation: Your system is resistant to poisons.
                  | (rPois) [potion of mutation]
 50264 | Orc:2    | Gained mutation: You have a pair of small horns on your
                  | head. [potion of mutation]
 50264 | Orc:2    | Gained mutation: You have large cloven feet. [potion of
                  | mutation]
 50264 | Orc:2    | Gained mutation: Your flesh is cold resistant. (rC+)
                  | [potion of mutation]
 50520 | Shoals:1 | Entered Level 1 of the Shoals
 50916 | Shoals:1 | Found Gari's Antique Armour Shoppe.
 50925 | Shoals:1 | Found Oleugulygg's Armour Emporium.
 51061 | Shoals:1 | Bought a +2 buckler of fire resistance for 258 gold pieces
 51158 | Shoals:1 | Reached XP level 18. HP: 141/142 MP: 27/34
 51241 | Shoals:1 | Found a runed translucent gate.
 51241 | Shoals:1 | Found a runed translucent gate.
 51241 | Shoals:1 | Found a runed translucent gate.
 51245 | Shoals:1 | Noticed KittyFluff's ghost (adept GrBe)
 51634 | Shoals:1 | Noticed Donald
 51642 | Shoals:1 | Killed Donald
 51990 | Shoals:1 | Received a gift from Sif Muna
 51993 | Shoals:1 | Got Sif Muna's Meditations on Loathsome Fascination {god
                  | gift}
 52533 | Shoals:1 | Killed KittyFluff's ghost
 53653 | Shoals:2 | Identified the +1 pair of gloves of the Mackerel {Harm rC-
                  | SInv}
 53653 | Shoals:2 | Noticed Nikola
 53660 | Shoals:2 | Killed Nikola
 53804 | Shoals:2 | Found Kycelof's Weapon Shoppe.
 54471 | Shoals:3 | Identified Roxanne's Atlas of Minerals
 54471 | Shoals:3 | Noticed Roxanne
 54476 | Shoals:3 | Killed Roxanne
 55409 | Shoals:3 | Received a gift from Sif Muna
 55411 | Shoals:3 | Noticed Ilsuiw
 55416 | Shoals:3 | Killed Ilsuiw
 55549 | Shoals:3 | Got Sif Muna's Tome of Curses {god gift}
 56051 | Shoals:4 | Entered Level 4 of the Shoals
 56051 | Shoals:4 | Noticed Polyphemus
 56117 | Shoals:4 | Killed Polyphemus
 56166 | Shoals:3 | Learned a level 3 spell: Inner Flame
 56594 | Shoals:4 | Identified the +9 scimitar of Law {vorpal, Fly Will- rCorr
                  | Dex+2}
 56875 | Shoals:4 | Reached XP level 19. HP: 121/150 MP: 12/36
 57500 | Shoals:4 | Received a gift from Sif Muna
 57589 | Shoals:4 | Got Qooheupt's Folio of the Quantum Pyre {god gift}
 57602 | Shoals:4 | Learned a level 5 spell: Summon Forest
 57609 | Shoals:4 | Got a barnacled rune of Zot
 58587 | Elf:1    | Entered Level 1 of the Elven Halls
 60010 | Elf:1    | Reached skill level 15 in Invocations
 60375 | Elf:1    | Found a runed translucent gate.
 60378 | Elf:1    | Found a runed translucent gate.
 60378 | Elf:1    | Found a runed translucent gate.
 60397 | Elf:1    | Noticed wormed's ghost (journeyman GrFi)
 60520 | Elf:1    | Reached skill level 15 in Long Blades
 60787 | Elf:1    | Killed wormed's ghost
 60912 | Elf:2    | Found Dutoul's Armour Boutique.
 60921 | Elf:2    | Found Soacs's Magic Scroll Shoppe.
 61661 | Elf:2    | Found Typsejao's Distillery.
 61680 | Elf:2    | Paralysed by an air elemental for 1 turns
 62314 | Elf:2    | Received a gift from Sif Muna
 62454 | Elf:2    | Found a radiant altar of Vehumet.
 62471 | Elf:2    | Found Jujewnaed's Armour Shoppe.
 62780 | Elf:2    | Found a runed translucent gate.
 62781 | Elf:2    | Found a runed translucent gate.
 62781 | Elf:2    | Found a runed translucent gate.
 62831 | Elf:2    | Found Owezeuc's Assorted Antiques.
 62838 | Elf:2    | Bought a pair of runed boots for 202 gold pieces
 63444 | Elf:2    | Gained mutation: [You are frail. (-10% HP)] [mutagenic
                  | glow]
 63876 | Elf:2    | Reached XP level 20. HP: 107/143 MP: 26/38
 65191 | Elf:3    | Entered Level 3 of the Elven Halls
 65301 | Elf:3    | Found Xun Sic's Book Shoppe.
 65737 | Elf:3    | Received a gift from Sif Muna
 65743 | Elf:3    | Noticed a Brimstone Fiend
 65839 | Elf:3    | Paralysed by an air elemental for 1 turns
 65842 | Elf:3    | Paralysed by an air elemental for 1 turns
 65844 | Elf:3    | Paralysed by an air elemental for 1 turns
 66551 | Abyss:2  | Cast into level 2 of the Abyss (a deep elf demonologist)
 66697 | Abyss:2  | Killed from afar by a wretched star

Illustrated notes

Levels and vault maps discovered:
D:1:      dpeg_arrival_concentric_ovals, layout_loops_corners,
          corexii_item_surrounded_by_moat
D:2:      layout_basic, shapermc_ecumenical_altar_rom_forum, uniq_sigmund,
          uniq_jessica
D:3:      layout_basic, mainiacjoe_overflow_alcove_2, st_stairs_5,
          grunt_ministairs_9
D:4:      layout_cave_pools
D:5:      layout_loops_ring
D:6:      layout_loops_ring, minmay_overflow_temple_star_hex, marbit_many_paths,
          zin_angel, minmay_temple_entry_tees
D:7:      layout_gridville, nicolae_shop_overcharged_wands
D:8:      layout_layer_cave, nicolae_kite_square_tiling_tiny,
          minmay_mini_ossuary, uniq_maurice
D:9:      layout_cave_pools, ebering_ghost_inner_flame,
          small_chamber_with_monster, eino_jars, uniq_erica
D:10:     wad_crossroads, layout_layer_cave, gammafunk_temple_overflow_claw,
          lair_entry_dummy, serial_shops, nicolae_shop_statue_plus
D:11:     layout_basic
D:12:     layout_cave_pools, serial_shops, nicolae_shop_hallway_plus,
          nicolae_shop_statue_plus, nicolae_shop_bloodbath_and_beyond, shop,
          shop, drop_trap, dreamdust_deal_with_the_devil
D:13:     layout_grid_maze, uniq_frances
D:14:     layout_rooms, hangedman_vaults_entry_quadrant_bands,
          nicolae_qazlal_style_of_elements, trog_three_pillars_becter,
          uniq_rupert, uniq_agnes, uniq_louise
D:15:     hangedman_depths_entry_try_elsewhere_first, layout_gridville,
          minivault_14
Temple:   grunt_temple_mini_profane
Lair:1:   layout_cave_shapes
Lair:2:   layout_cellular_growth, minmay_shoals_entry_centaurs, st_stairs_11,
          serial_bayou_shore_b, grunt_megastairs_1
Lair:3:   layout_concentric_octagons, nicolae_spider_entry_tight_spaces
Lair:4:   statuecave_lemuel, layout_gridlike, dpeg_slime_entry_enclosed,
          uniq_nessos, uniq_urug
Lair:5:   evil_forest, layout_cave_pods, basic_altar, minivault_26
Shoals:1: layout_shoals, ebering_ghost_rock_garden, serial_shops,
          nicolae_square_shop, shop, nicolae_shoals_wave_tunnel, uniq_donald
Shoals:2: layout_shoals, nicolae_take_the_stairs, uniq_nikola
Shoals:3: layout_shoals, uniq_ilsuiw, uniq_roxanne
Shoals:4: shoals_end_simple, layout_shoals, uniq_polyphemus
Spider:1: layout_spider_delve, uniq_mlioglotl
Spider:2: layout_spider_delve, hellmonk_ghost_happy_afterlife,
          nicolae_spider_spiderdrome
Spider:3: layout_spider_delve, hangedman_spider_tarantella_strand
Spider:4: grunt_spider_rune_parallel, uniq_bai_suzhen
Orc:1:    layout_diamond_mine
Orc:2:    st_orc_ogre_mass, layout_caves, portal_ice_cave_entry_imps,
          mines4_lemuel
Elf:1:    layout_geoelf_grid, ebering_ghost_rock_garden,
          minmay_elf_crystal_hexagon, minmay_fountain_box, fountainhead
Elf:2:    nicolae_elf_blades_crystal_corner, layout_gridlike, basic_altar,
          serial_shops, nicolae_diamond_shop, shop, shop, nicolae_shop_trees,
          nicolae_shop_overgrown_old_shop
Elf:3:    elf_hall_gauntlet_wide, layout_gridlike, basic_altar, serial_shops,
          nicolae_lakefront_shop
Abyss:2:  base:
Vaults:3

Skill      XL: |  1  2  3  4  5  6  7  8  9 10 11 12 13 14 15 16 17 18 19 20 |
---------------+-------------------------------------------------------------+-----
Short Blades   | 1 2 3 4 5 6 7 8 9 10 11 12 13 14 | 14.2
Axes           | 1 2 3 4 5 6 7 8 9 10 11 12 13 14 | 14.2
Maces & Flails | 1 2 3 4 5 6 7 8 9 10 11 12 13 14 | 14.2
Polearms       | 1 2 3 4 5 6 7 8 9 10 11 12 13 14 | 14.2
Staves         | 1 2 3 4 5 6 7 8 9 10 11 12 13 14 | 14.2
Ranged Weapons | 1 2 3 4 5 6 7 8 9 10 11 12 13 14 | 14.2
Throwing       | 1 2 3 4 5 6 7 8 9 10 11 12 13 14 | 14.2
Dodging        | 1 2 3 4 5 6 7 8 9 10 11 12 13 14 | 14.2
Stealth        | 1 2 3 4 5 6 7 8 9 10 11 12 13 14 | 14.2
Unarmed Combat | 1 2 3 4 5 6 7 8 9 10 11 12 13 14 | 14.2
Spellcasting   | 3 4 5 6 7 8 9 10 11 12 13 14 | 14.5
Conjurations   | 1 2 3 4 5 6 7 8 9 10 11 12 | 12.1
Hexes          | 1 2 3 4 5 6 7 8 9 10 11 12 | 12.1
Summonings     | 1 2 3 4 5 6 7 8 9 10 11 12 | 12.1
Necromancy     | 1 2 3 4 5 6 7 8 9 10 11 12 | 12.1
Translocations | 1 2 3 4 5 6 7 8 9 10 11 12 | 12.1
Transmutations | 1 2 3 4 5 6 7 8 9 10 11 12 | 12.1
Fire Magic     | 1 2 3 4 5 6 7 8 9 10 11 12 | 12.1
Ice Magic      | 1 2 3 4 5 6 7 8 9 10 11 12 | 12.1
Air Magic      | 1 2 3 4 5 6 7 8 9 10 11 12 | 12.1
Earth Magic    | 1 2 3 4 5 6 7 8 9 10 11 12 | 12.1
Poison Magic   | 1 2 3 4 5 6 7 8 9 10 11 12 | 12.1
Fighting       | 3 4 5 6 7 8 9 10 11 12 13 14 | 14.5
Armour         | 3 4 5 6 7 8 9 10 11 12 13 14 | 14.5
Shields        | 3 4 5 6 7 8 9 10 11 12 13 14 | 14.5
Invocations    | 3 4 5 6 7 8 9 10 11 12 13 14 15 | 15.6
Evocations     | 5 6 7 8 9 10 11 12 13 14 | 14.9
Long Blades    | 7 8 9 10 11 12 13 14 15 | 15.5

Action                   |  1- 3 |  4- 6 |  7- 9 | 10-12 | 13-15 | 16-18 | 19-21 || total
-------------------------+-------+-------+-------+-------+-------+-------+-------++-------
Melee: Falchion          |    97 |     7 |       |       |       |       |       ||   104
       Bite              |     7 |     6 |    11 |    56 |   134 |    80 |    24 ||   318
       Long sword        |       |    73 |    20 |       |       |       |       ||    93
       Trident           |       |       |   212 |   216 |   245 |       |       ||   673
       Unarmed           |       |       |     8 |       |       |       |       ||     8
       Scimitar          |       |       |       |   220 |       |       |       ||   220
       Staff             |       |       |       |       |   508 |   467 |   170 ||  1145
       Headbutt          |       |       |       |       |       |    27 |    38 ||    65
       Kick              |       |       |       |       |       |    23 |    20 ||    43
Throw: Javelin           |       |       |       |       |     7 |       |       ||     7
       Throwing net      |       |       |       |       |     1 |       |       ||     1
 Cast: Poisonous Vapours |       |    41 |    69 |   100 |   256 |   421 |   150 ||  1037
       Call Canine Famil |       |       |    18 |    17 |    11 |       |       ||    46
       Ignite Poison     |       |       |       |    48 |   147 |   256 |    73 ||   524
       Mephitic Cloud    |       |       |       |     4 |    12 |     7 |       ||    23
       Irradiate         |       |       |       |       |    28 |    66 |    45 ||   139
       Freezing Cloud    |       |       |       |       |     3 |    34 |    12 ||    49
       Blink             |       |       |       |       |     3 |    10 |    10 ||    23
       Lee's Rapid Decon |       |       |       |       |       |    31 |    74 ||   105
       Statue Form       |       |       |       |       |       |     5 |    11 ||    16
       Yara's Violent Un |       |       |       |       |       |     2 |     7 ||     9
       Inner Flame       |       |       |       |       |       |     2 |       ||     2
       Summon Forest     |       |       |       |       |       |       |     5 ||     5
       Dispersal         |       |       |       |       |       |       |     2 ||     2
Invok: Channel Magic     |       |       |       |       |       |       |     4 ||     4
Evoke: Wand              |       |       |       |     2 |    20 |       |       ||    22
  Use: Potion            |     2 |       |     1 |     2 |     5 |    15 |    11 ||    36
       Scroll            |       |       |       |    15 |    15 |    11 |     6 ||    47
 Stab: Sleeping          |     1 |     1 |     2 |     6 |    12 |       |       ||    22
       Distracted        |       |       |     2 |       |     1 |       |     2 ||     5
       Confused          |       |       |       |       |     2 |       |       ||     2
Armor: Leather armour    |    62 |     2 |       |       |       |       |       ||    64
       Robe              |       |    26 |    39 |       |       |       |       ||    65
       Steam dragon scal |       |       |    12 |   113 |       |       |       ||   125
       Acid dragon scale |       |       |       |    36 |       |       |       ||    36
       Troll leather arm |       |       |       |    58 |   206 |   334 |    82 ||   680
       Skin              |       |       |       |       |       |    73 |    70 ||   143
Dodge: Dodged            |    59 |    38 |   123 |   404 |   681 |   944 |   205 ||  2454
       Repelled          |       |       |       |       |       |     1 |       ||     1
Block: Buckler           |    19 |    12 |    48 |   147 |   262 |   338 |   135 ||   961
